[Event "Titled Tuesday Blitz May 31 Late 2022"]
[White "Girsh, Daniel"]
[Black "Tristan, Leonardo"]
[WhiteFideId "30949190"]
[BlackFideId "113816"]
[WhiteElo "2452"]
[BlackElo "2404"]
[Result "0-1"]
[Round "01"]
[TimeControl "180+1"]
[Date "2022.06.01"]
[WhiteClock "0:00:19"]
[BlackClock "0:00:33"]

1. d4 d5 2. c4 e6 3. Nf3 Nf6 4. g3 Be7 5. Bg2 O-O 6. O-O dxc4 7. Qc2 a6 8. a4 Bd7 9. Qxc4 Bc6 10. Bf4 Nbd7 11. Nc3 Bd6 12. Rfd1 a5 13. Rac1 Bxf4 14. gxf4 Bxf3 15. Bxf3 c6 16. e3 Qb6 17. Rd2 Qb4 18. Qe2 Nb6 19. Qd1 Nc4 20. Rdc2 Nxb2 21. Qe2 Nxa4 22. Na2 Qa3 23. Rb1 Rab8 24. Qc4 b5 25. Qxc6 b4 26. Nc1 Nc3 27. Rb3 Qa1 28. Qd6 Rbc8 29. Kg2 Nce4 30. Rxc8 Nxd6 31. Rc6 Nde4 32. Nd3 Nd2 33. Rc1 Qa4 34. Rb2 Nxf3 35. Kxf3 Nd5 36. Nc5 Qc6 37. e4 Nc3 38. Rbc2 f5 39. Ke3 fxe4 40. Ra1 Nd5+ 41. Ke2 Nxf4+ 42. Kf1 e3 43. f3 Qxf3+ 44. Ke1 Qh1# 0-1


[Site "https://www.chess.com"]

[Event "Titled Tuesday Blitz May 31 Late 2022"]
[White "Goltsev, Dmitry"]
[Black "Sliwicki, Damian"]
[WhiteFideId "24176710"]
[BlackFideId "1127128"]
[WhiteElo "2258"]
[BlackElo "2125"]
[Result "0-1"]
[Round "01"]
[TimeControl "180+1"]
[Date "2022.06.01"]
[WhiteClock "0:00:07"]
[BlackClock "0:00:14"]

1. e4 c5 2. Nf3 g6 3. d4 cxd4 4. Qxd4 Nf6 5. e5 Nc6 6. Qc3 Nd5 7. Qb3 Nc7 8. Bc4 Ne6 9. Bd2 Bg7 10. Bc3 Na5 11. Qa4 Nxc4 12. Qxc4 O-O 13. O-O b6 14. Nbd2 Bb7 15. Rad1 Rc8 16. Qa4 Qc7 17. Ne4 Rfd8 18. Rfe1 Bc6 19. Qa6 Bxe4 20. Rxe4 Nc5 21. Qe2 Nxe4 22. Qxe4 Qc4 23. Qe1 Qxa2 24. Ra1 Qc4 25. Ng5 a5 26. g3 a4 27. Qe3 Bh6 28. h4 b5 29. Qd2 b4 30. Bxb4 f6 31. Bxe7 fxg5 32. Bxd8 Rxd8 33. hxg5 Bg7 34. f4 Bf8 35. Kh2 Rc8 36. Qxd7 Qxc2+ 37. Kh3 Rc7 38. Qe6+ Rf7 39. Rf1 Kg7 40. Qd5 Qxb2 41. e6 Re7 42. f5 gxf5 43. Qxf5 Qb8 44. Qf6+ Kg8 45. g6 hxg6 46. Qxg6+ Rg7 47. Qd3 Rh7+ 48. Kg2 Qb2+ 49. Rf2 Qb7+ 50. Rf3 Qb2+ 51. Rf2 Rh2+ 52. Kxh2 Qxf2+ 53. Kh3 Qf6 54. Qc4 Qh6+ 55. Kg2 Qd2+ 56. Kf3 Be7 57. Qxa4 Qd3+ 58. Kg2 Qe2+ 59. Kg1 Qxe6 60. Qa8+ Kg7 61. Qg2 Bc5+ 62. Kh2 Qh6+ 63. Qh3 Qd2+ 64. Qg2 Qg5 65. Qb7+ Kh6 66. Qf3 Qd2+ 67. Kh3 Be3 68. Qf6+ Kh7 69. Qf7+ Kh6 70. g4 Bg5 71. Qe6+ Kg7 72. Qf5 Qe3+ 73. Kg2 Bf4 74. Qd7+ Kg6 75. Qf5+ Kh6 76. Qf6+ Kh7 77. Qf7+ Kh8 78. Qf8+ Kh7 79. Qf5+ Kg7 80. Qd7+ Kf6 81. Qf5+ Ke7 82. Qh7+ Kd6 83. Qg6+ Ke5 84. Qe8+ Kd4 85. Qa4+ Kd3 86. Qb5+ Ke4 87. Qf5+ Kd4 88. Qd7+ Kc4 89. Qc6+ Kb3 90. Kf1 Qh3+ 91. Qg2 Qd3+ 92. Qe2 Qh3+ 93. Kg1 Be3+ 94. Qxe3+ Qxe3+ 95. Kg2 Qg5 96. Kh3 Kc3 97. Kg3 Kd3 98. Kf3 Qe3+ 99. Kg2 Ke2 100. g5 Qf3+ 101. Kh2 Kf2 102. g6 Qg2# 0-1


[Site "https://www.chess.com"]

[Event "Titled Tuesday Blitz May 31 Late 2022"]
[White "Gomez Ledo, Roberto Carlos"]
[Black "Federzoni, Enzo"]
[WhiteFideId "3507076"]
[BlackFideId "2173301"]
[WhiteElo "2379"]
[BlackElo "1956"]
[Result "1-0"]
[Round "01"]
[TimeControl "180+1"]
[Date "2022.06.01"]
[WhiteClock "0:00:10"]
[BlackClock "0:00:40"]

1. d4 Nf6 2. Bf4 e6 3. e3 c5 4. c3 b6 5. Nf3 Bb7 6. h3 d6 7. Nbd2 Be7 8. Bd3 O-O 9. Qe2 a6 10. a4 Nbd7 11. O-O e5 12. dxe5 dxe5 13. Nxe5 Nxe5 14. Bxe5 Qd5 15. Nf3 Rfd8 16. Rfd1 Qb3 17. Qc2 Qe6 18. Bf5 Rxd1+ 19. Rxd1 Qa2 20. b3 Qxc2 21. Bxc2 Nd5 22. Be4 f6 23. Bg3 Nxc3 24. Bxb7 Ra7 25. Rd7 Ne2+ 26. Kf1 Nxg3+ 27. fxg3 Kf8 28. Bc6 Rxd7 29. Bxd7 b5 30. axb5 axb5 31. Bxb5 Bd6 32. g4 Ke7 33. Bc4 g5 34. Kf2 Bb8 35. Ng1 Kd6 36. Nf3 Ba7 37. Ke2 Bb6 38. Kd3 Ba5 39. Ke4 Ke7 40. Kf5 Bc3 41. e4 Bb2 42. e5 fxe5 43. Nxg5 h6 44. Ne4 Bd4 45. h4 Kf8 46. g5 hxg5 47. Nxg5 Kg7 48. Ne4 Kh6 49. g4 Kh7 50. g5 Kg7 51. h5 Be3 52. h6+ Kh8 53. Kxe5 Bxg5 54. h7 Be3 55. Bg8 Kg7 56. Kd5 Bd4 57. Nxc5 Bb2 58. b4 Kf8 59. b5 Ke8 60. Kc6 Kd8 61. Na6 Kc8 62. b6 Be5 63. b7+ Kd8 64. b8=Q+ Bxb8 65. h8=Q Ke7 66. Qg7+ Kd8 67. Qf8# 1-0


[Site "https://www.chess.com"]

[Event "Titled Tuesday Blitz May 31 Late 2022"]
[White "Grigorov, Grigor"]
[Black "Meunier-Pion, Jean"]
[WhiteFideId "2907313"]
[BlackFideId "20685327"]
[WhiteElo "2510"]
[BlackElo "2124"]
[Result "1/2-1/2"]
[Round "01"]
[TimeControl "180+1"]
[Date "2022.05.31"]
[WhiteClock "0:00:29"]
[BlackClock "0:00:07"]

1. d4 d5 2. c4 c6 3. cxd5 cxd5 4. Nc3 Nf6 5. Bf4 Nc6 6. e3 a6 7. Bd3 e6 8. Rc1 Bd6 9. Bxd6 Qxd6 10. f4 b5 11. a3 b4 12. axb4 Nxb4 13. Bb1 O-O 14. Nf3 a5 15. O-O Ba6 16. Re1 Rfc8 17. Ne5 Rab8 18. Qd2 Nc6 19. Na4 Ne4 20. Bxe4 dxe4 21. Nxc6 Rxc6 22. Rxc6 Qxc6 23. Qxa5 Bd3 24. Nc5 h6 25. b3 Ra8 26. Qd2 Qb5 27. Rc1 Ra3 28. h3 Kh7 29. Kh2 g6 30. Qf2 Kg7 31. Qb2 Qa5 32. d5+ Kh7 33. dxe6 Ra2 34. Qf6 Rxg2+ 35. Kh1 Rh2+ 36. Kxh2 Qd2+ 37. Kg3 Qxe3+ 38. Kh2 Qd2+ 39. Kg3 Qe3+ 40. Kh2 Qd2+ 41. Kg3 Qe3+ 1/2-1/2


[Site "https://www.chess.com"]

[Event "Titled Tuesday Blitz May 31 Late 2022"]
[White "Gurevich, Dmitry"]
[Black "Xiong, Jeffery"]
[WhiteFideId "2000407"]
[BlackFideId "2047640"]
[WhiteElo "2506"]
[BlackElo "2727"]
[Result "0-1"]
[Round "01"]
[TimeControl "180+1"]
[Date "2022.05.31"]
[WhiteClock "0:00:03"]
[BlackClock "0:00:12"]

1. d4 d5 2. c4 e6 3. Nc3 Nf6 4. Nf3 dxc4 5. e3 a6 6. Bxc4 b5 7. Be2 Bb7 8. O-O Nbd7 9. a4 b4 10. Nb1 c5 11. Nbd2 Qc7 12. b3 Be7 13. Bb2 O-O 14. Rc1 Rfd8 15. h3 Rac8 16. Qc2 Qb8 17. Qb1 Qa8 18. Rfd1 cxd4 19. Bxd4 Nc5 20. Qb2 Qb8 21. Nc4 Bd5 22. Be5 Qb7 23. Na5 Qb6 24. Nc4 Qa7 25. a5 Bxf3 26. gxf3 Ncd7 27. Bd6 Bxd6 28. Nxd6 Rxc1 29. Rxc1 Nd5 30. Nc8 Qb7 31. Nd6 Qa7 32. Nc8 Qa8 33. Nd6 Nc3 34. Nc4 Nc5 35. Kg2 Qd5 36. Qc2 Nxe2 37. Qxe2 Nxb3 38. Rb1 Nxa5 39. Rxb4 Qg5+ 40. Kh2 Nxc4 41. Rxc4 Qb5 42. Qc2 h6 43. Rg4 h5 44. Rg3 Qe5 45. f4 Qa1 46. Rg5 h4 47. f5 Qe5+ 48. Kg2 Qf6 49. f4 exf5 50. Rxf5 Qe6 51. Re5 Rc8 52. Qd2 Qc6+ 53. Kh2 Qg6 54. Rg5 Rc2 0-1


[Site "https://www.chess.com"]

[Event "Titled Tuesday Blitz May 31 Late 2022"]
[White "Hernandez Gonzalez, William"]
[Black "Melikhov, Evgeny V."]
[WhiteFideId "3509915"]
[BlackFideId "4122046"]
[WhiteElo "2279"]
[BlackElo "1931"]
[Result "0-1"]
[Round "01"]
[TimeControl "180+1"]
[Date "2022.06.01"]
[WhiteClock "0:00:01"]
[BlackClock "0:00:15"]

1. e4 e5 2. Nf3 Nc6 3. Bc4 Nf6 4. d4 exd4 5. e5 d5 6. Bb5 Ne4 7. Nxd4 Bd7 8. Bxc6 bxc6 9. O-O Bc5 10. f3 Ng5 11. f4 Ne4 12. Be3 Bb6 13. Nd2 Nxd2 14. Qxd2 c5 15. Nf3 Bc6 16. a4 d4 17. Bf2 a5 18. Bh4 Qd5 19. f5 Kd7 20. c4 Qxc4 21. e6+ Kc8 22. Ne5 Qd5 23. Nxc6 Qxc6 24. f6 fxe6 25. f7 Kb7 26. Be7 Rhf8 27. Bxf8 Rxf8 28. Qg5 c4 29. Qxg7 d3+ 30. Kh1 Qd6 31. Qxh7 Bd4 32. Rae1 Bxb2 33. Qe4+ Qd5 34. Qxe6 Qxe6 35. Rxe6 c3 36. Re8 Ba3 37. Re3 c2 38. Rxd3 Rxf7 39. Rb3+ Ka7 40. Re1 c1=Q 41. Rxc1 Bxc1 42. g4 Bd2 43. Kg2 Rf4 44. Rg3 Rxa4 45. g5 Ra2 0-1


[Site "https://www.chess.com"]

[Event "Titled Tuesday Blitz May 31 Late 2022"]
[White "Indjic, Aleksandar"]
[Black "Moral Garcia, Serafin"]
[WhiteFideId "911925"]
[BlackFideId "2201925"]
[WhiteElo "2616"]
[BlackElo "2228"]
[Result "1-0"]
[Round "01"]
[TimeControl "180+1"]
[Date "2022.05.31"]
[WhiteClock "0:02:09"]
[BlackClock "0:01:45"]

1. d4 Nf6 2. Nf3 g6 3. Bg5 Bg7 4. Nbd2 d5 5. c3 O-O 6. e3 Nbd7 7. h4 c6 8. Bf4 Re8 9. Ne5 Nxe5 10. Bxe5 Bf5 11. h5 Qb6 12. hxg6 hxg6 13. Qc1 Nd7 14. Bxg7 Kxg7 15. e4 dxe4 16. Nc4 Qc7 17. g4 Bxg4 18. Qh6+ Kf6 19. Qh4+ 1-0


[Site "https://www.chess.com"]

[Event "Titled Tuesday Blitz May 31 Late 2022"]
[White "Ingebretsen, Jens E"]
[Black "Drygalov, Andrey"]
[WhiteFideId "1522965"]
[BlackFideId "24171735"]
[WhiteElo "2036"]
[BlackElo "2540"]
[Result "0-1"]
[Round "01"]
[TimeControl "180+1"]
[Date "2022.05.31"]
[WhiteClock "0:00:13"]
[BlackClock "0:00:45"]

1. c4 e5 2. Nc3 Nf6 3. Nf3 Nc6 4. g3 d5 5. cxd5 Nxd5 6. Bg2 Nb6 7. Rb1 a5 8. a3 a4 9. d3 Be7 10. Be3 O-O 11. Bxb6 cxb6 12. Nxa4 b5 13. Nc3 b4 14. axb4 Bxb4 15. O-O Bf5 16. Qb3 Qd7 17. Nxe5 Nxe5 18. Qxb4 Nc6 19. Qf4 Rac8 20. Nd5 Rce8 21. e4 Be6 22. Rfe1 f5 23. Ne3 fxe4 24. Qxe4 Ba2 25. Qa4 Bxb1 26. Rxb1 Qxd3 27. Rd1 Qg6 28. Qc4+ Kh8 29. Qc5 Qf6 30. Nc4 Rd8 31. Rf1 Rfe8 32. h4 Qd4 33. Qb5 Qd7 34. Nb6 Qe6 35. Bd5 Qf6 36. Qc5 Nd4 37. Bg2 Ne2+ 38. Kh2 Qxb2 39. Nd5 Qd4 40. Qb5 Re5 41. Qxb7 Rexd5 42. Bxd5 Qxd5 43. Qxd5 Rxd5 44. Re1 Rd2 45. Kg2 h6 46. Kf1 Nd4 47. Re8+ Kh7 48. Rd8 Nf3 49. Re8 Kg6 50. Kg2 Nd4 51. Rd8 Nb3 52. Rb8 Nc5 53. Rb6+ Kh7 54. Rb5 Ne4 55. Rf5 Nd6 56. Rf4 h5 57. Ra4 g6 58. Ra7+ Kg8 59. Ra8+ Kf7 60. Ra7+ Ke6 61. Ra4 Ke5 62. Rf4 Nf5 63. Kf3 Rd4 64. Rxd4 Nxd4+ 65. Ke3 Nf5+ 66. Kf3 Nh6 67. Kg2 Ng4 68. f3 Nf6 69. Kh3 Kd4 70. g4 Ke3 71. Kg3 Nd5 72. gxh5 gxh5 73. Kh3 Kxf3 74. Kh2 Kg4 75. Kh1 Kxh4 76. Kg1 Kg3 77. Kh1 h4 78. Kg1 h3 79. Kh1 Nf4 80. Kg1 Nd3 81. Kh1 Nf2+ 82. Kg1 h2+ 83. Kf1 h1=Q+ 0-1


[Site "https://www.chess.com"]

[Event "Titled Tuesday Blitz May 31 Late 2022"]
[White "Ivic, Velimir"]
[Black "Baches Garcia, Guillermo"]
[WhiteFideId "950122"]
[BlackFideId "2209764"]
[WhiteElo "2610"]
[BlackElo "2496"]
[Result "1-0"]
[Round "01"]
[TimeControl "180+1"]
[Date "2022.05.31"]
[WhiteClock "0:01:29"]
[BlackClock "0:00:01"]

1. c4 e6 2. Nc3 d5 3. d4 Nf6 4. Nf3 c5 5. cxd5 Nxd5 6. e4 Nxc3 7. bxc3 cxd4 8. cxd4 Bb4+ 9. Bd2 Bxd2+ 10. Qxd2 O-O 11. Bc4 Nd7 12. O-O b6 13. d5 Nc5 14. Rfe1 exd5 15. exd5 Qd6 16. Ne5 Bb7 17. Qd4 Rad8 18. Rad1 Rfe8 19. Re3 a6 20. a3 b5 21. Ba2 Re7 22. Rde1 Rde8 23. h4 f6 24. Ng4 Rxe3 25. Rxe3 Rxe3 26. Nxe3 g6 27. h5 Kf7 28. hxg6+ hxg6 29. Qh4 Kg7 30. Qg4 Kf7 31. Bb1 f5 32. Qh4 Kg8 33. Qg5 Ne4 34. Bxe4 fxe4 35. Nf5 Qb6 36. d6 Kf7 37. Qe7+ 1-0


[Site "https://www.chess.com"]

[Event "Titled Tuesday Blitz May 31 Late 2022"]
[White "Jobava, Baadur"]
[Black "Reprintsev, Alexander"]
[WhiteFideId "13601520"]
[BlackFideId "14100541"]
[WhiteElo "2617"]
[BlackElo "2108"]
[Result "1-0"]
[Round "01"]
[TimeControl "180+1"]
[Date "2022.05.31"]
[WhiteClock "0:01:39"]
[BlackClock "0:01:08"]

1. d4 d5 2. g3 Nc6 3. Bg2 Bf5 4. c3 e6 5. Nf3 Nf6 6. O-O Be7 7. Bg5 h6 8. Bxf6 Bxf6 9. Nbd2 O-O 10. Re1 e5 11. dxe5 Nxe5 12. Nxe5 Bxe5 13. Qb3 Be6 14. Rad1 c6 15. Qxb7 Rb8 16. Qxc6 Rxb2 17. Nc4 dxc4 18. Rxd8 Rxd8 19. Rc1 Rxe2 20. Bf1 Rxa2 21. Bxc4 Bxc4 22. Qxc4 Rdd2 23. Qc8+ Kh7 24. Qf5+ g6 25. Qxe5 Rxf2 26. Qd5 Rad2 27. Qb7 1-0


[Site "https://www.chess.com"]

[Event "Titled Tuesday Blitz May 31 Late 2022"]
[White "Jones, Gawain C B"]
[Black "Derraugh, Geordie"]
[WhiteFideId "409561"]
[BlackFideId "2603950"]
[WhiteElo "2657"]
[BlackElo "2116"]
[Result "1-0"]
[Round "01"]
[TimeControl "180+1"]
[Date "2022.05.31"]
[WhiteClock "0:01:08"]
[BlackClock "0:00:17"]

1. e4 c5 2. Be2 Nc6 3. d3 d6 4. f4 g6 5. Nf3 Bg7 6. O-O e6 7. Qe1 Nh6 8. c3 O-O 9. Kh1 f5 10. Na3 Qc7 11. Be3 a6 12. Rd1 Bd7 13. Ng5 Rae8 14. Qh4 b5 15. Bf3 b4 16. Nc4 bxc3 17. bxc3 Na5 18. exf5 Nxc4 19. dxc4 Rxf5 20. Be4 Rxg5 21. fxg5 Nf5 22. Bxf5 exf5 23. Bf4 Be5 24. Rfe1 Bc6 25. Qf2 Be4 26. Bxe5 Rxe5 27. Qd2 Qe7 28. Kg1 Re6 29. h4 h6 30. Qf4 h5 31. Re2 Kg7 32. Red2 d5 33. cxd5 Rd6 34. c4 Qd7 35. Qe5+ Kh7 36. Rb2 Qc7 37. Rdd2 a5 38. a4 Kg8 39. Qe8+ Kh7 40. Qe5 Kg8 41. Rb5 Kh7 42. Rdb2 Rd7 43. Qxc7 Rxc7 44. Rb7 Rxb7 45. Rxb7+ Kh8 46. d6 Bxb7 47. d7 1-0


[Site "https://www.chess.com"]

[Event "Titled Tuesday Blitz May 31 Late 2022"]
[White "Jumabayev, Rinat"]
[Black "Szalay, Karoly"]
[WhiteFideId "13702661"]
[BlackFideId "2600544"]
[WhiteElo "2561"]
[BlackElo "2429"]
[Result "0-1"]
[Round "01"]
[TimeControl "180+1"]
[Date "2022.06.01"]
[WhiteClock "0:00:03"]
[BlackClock "0:01:16"]

1. e4 e5 2. Nf3 Nc6 3. Bb5 a6 4. Ba4 Nf6 5. O-O b5 6. Bb3 Bc5 7. d3 d6 8. c3 O-O 9. Bg5 h6 10. Bh4 Be6 11. Nbd2 Re8 12. Re1 Bb6 13. Nf1 g5 14. Bg3 Nh5 15. Ne3 Nf4 16. Bxe6 fxe6 17. d4 exd4 18. cxd4 Qf6 19. e5 Qg7 20. Ng4 Red8 21. Rc1 Nxd4 22. Nf6+ Kh8 23. Bxf4 gxf4 24. Nxd4 dxe5 25. Nh5 Qf7 26. Qg4 Bxd4 27. Qh4 Rg8 28. Rc2 c5 29. g3 Rg5 30. Nxf4 exf4 31. Qxh6+ Qh7 32. Qxg5 Qxc2 33. Rxe6 Qxf2+ 0-1


[Site "https://www.chess.com"]

[Event "Titled Tuesday Blitz May 31 Late 2022"]
[White "Karas, Marek"]
[Black "Rustemov, Alexander"]
[WhiteFideId "14928558"]
[BlackFideId "4119002"]
[WhiteElo "2271"]
[BlackElo "2806"]
[Result "0-1"]
[Round "01"]
[TimeControl "180+1"]
[Date "2022.06.01"]
[WhiteClock "0:00:19"]
[BlackClock "0:00:16"]

1. d4 f5 2. Qd3 d5 3. Nf3 Nf6 4. Bf4 g6 5. e3 Bg7 6. c4 O-O 7. h3 c6 8. Nc3 h6 9. Ne5 g5 10. Bh2 Be6 11. cxd5 Nxd5 12. Nxd5 Bxd5 13. Qd2 Nd7 14. Nxd7 Qxd7 15. Qc2 Qe6 16. Kd2 Rac8 17. f3 c5 18. dxc5 Rfd8 19. Ke2 f4 20. Bg1 Bd4 21. e4 Rxc5 22. Qa4 Bxe4 23. Bxd4 Bc6+ 24. Kf2 Bxa4 25. Bxc5 Qe5 26. Bxa7 Qxb2+ 27. Kg1 Qxa1 28. Kh2 Rd1 29. Bc4+ Kf8 30. Bg1 Qc1 31. Be6 Bd7 32. Bb3 Re1 33. Bd5 Bc6 34. Bb3 Bxf3 35. h4 Qd2 36. Bf2 Qxf2 37. Rg1 Qxh4# 0-1


[Site "https://www.chess.com"]

[Event "Titled Tuesday Blitz May 31 Late 2022"]
[White "Karttunen, Mika"]
[Black "Lopez Del Alamo, Antonio"]
[WhiteFideId "502081"]
[BlackFideId "2227339"]
[WhiteElo "2343"]
[BlackElo "2089"]
[Result "1-0"]
[Round "01"]
[TimeControl "180+1"]
[Date "2022.06.01"]
[WhiteClock "0:00:13"]
[BlackClock "0:00:15"]

1. e4 c5 2. Nf3 e6 3. d4 cxd4 4. Nxd4 Nf6 5. Nc3 Nc6 6. Nxc6 bxc6 7. e5 Nd5 8. Ne4 Bb7 9. c4 Nb4 10. c5 Qb8 11. f4 Ba6 12. a3 Bxf1 13. Rxf1 Nd5 14. Qd3 Be7 15. Kf2 a5 16. b3 a4 17. b4 O-O 18. Kg1 Qb5 19. Qc2 f5 20. Ng3 g6 21. Ne2 Rfc8 22. Nd4 Qb7 23. Bd2 Nc7 24. Kh1 Nb5 25. Nf3 Qa6 26. Rg1 Kf7 27. g4 Rg8 28. Rg2 Nc7 29. Rag1 Nd5 30. Nd4 fxg4 31. Rxg4 Raf8 32. f5 exf5 33. Nxf5 Ke8 34. Nxe7 Nxe7 35. Bg5 Nf5 36. Qd2 h5 37. Re4 Qc8 38. Rge1 Kf7 39. e6+ dxe6 40. Rxe6 Kg7 41. Qc3+ Kh7 42. Re7+ Rg7 43. Rxg7+ Nxg7 44. Bf6 Qd7 45. Bxg7 Qxg7 46. Qxg7+ Kxg7 47. Re6 Rf3 48. Rxc6 Rxa3 49. b5 h4 50. Rc7+ Kh6 51. b6 h3 52. Kg1 Ra2 53. b7 Rb2 54. c6 a3 55. Rc8 a2 56. Ra8 Rb1+ 57. Kf2 a1=Q 58. Rxa1 Rxa1 59. b8=Q Ra2+ 60. Ke3 Rg2 61. Qh8+ Kg5 62. Qxh3 1-0


[Site "https://www.chess.com"]

[Event "Titled Tuesday Blitz May 31 Late 2022"]
[White "Keller, Peter"]
[Black "Zarubitski, Viachaslau"]
[WhiteFideId "1272105"]
[BlackFideId "13509373"]
[WhiteElo "2275"]
[BlackElo "2325"]
[Result "1-0"]
[Round "01"]
[TimeControl "180+1"]
[Date "2022.06.01"]
[WhiteClock "0:00:07"]
[BlackClock "0:00:23"]

1. e4 e6 2. d4 b6 3. Bd3 d5 4. Nc3 Bb7 5. Nf3 Bb4 6. e5 Ne7 7. O-O Nd7 8. a3 Bxc3 9. bxc3 c5 10. a4 Ng6 11. g3 Qc7 12. h4 c4 13. Bxg6 hxg6 14. Ng5 Nf8 15. Ba3 Nh7 16. f4 Qd7 17. Bd6 f6 18. Nf3 Kf7 19. a5 Bc6 20. Qb1 Nf8 21. axb6 axb6 22. Rxa8 Bxa8 23. Qxb6 Qa4 24. Ng5+ fxg5 25. fxg5+ Kg8 26. Bxf8 Qd7 27. Bd6 Kh7 28. Ra1 Qf7 29. Rf1 Qd7 30. Ra1 Qf7 31. Rf1 Qe8 32. Qc7 Rg8 33. Rf7 Qa4 34. Bf8 Qa1+ 35. Kh2 Rxf8 36. Rxg7+ Kh8 37. Rh7+ 1-0


[Site "https://www.chess.com"]

[Event "Titled Tuesday Blitz May 31 Late 2022"]
[White "Kosteniuk, Alexandra"]
[Black "Beulen, Marcel"]
[WhiteFideId "4128125"]
[BlackFideId "1001450"]
[WhiteElo "2469"]
[BlackElo "2348"]
[Result "1/2-1/2"]
[Round "01"]
[TimeControl "180+1"]
[Date "2022.06.01"]
[WhiteClock "0:00:07"]
[BlackClock "0:00:10"]

1. e4 d5 2. exd5 Qxd5 3. Nc3 Qa5 4. d4 Nf6 5. Nf3 Bf5 6. Bc4 c6 7. Bd2 e6 8. Qe2 Bb4 9. O-O-O Nbd7 10. a3 Bxc3 11. Bxc3 Qc7 12. Ne5 Nd5 13. Bd2 Nxe5 14. Qxe5 Qxe5 15. dxe5 O-O-O 16. h4 h5 17. f3 Nb6 18. Bb3 Rd4 19. Bg5 Rxd1+ 20. Rxd1 Re8 21. a4 Nd7 22. Be3 b6 23. Bd4 Rd8 24. Rg1 c5 25. Bc3 Nb8 26. g4 hxg4 27. fxg4 Be4 28. Rf1 Rd7 29. Bc4 Nc6 30. h5 Kd8 31. g5 Ke8 32. h6 gxh6 33. gxh6 Bg6 34. Rh1 Bh7 35. Bd3 f5 36. exf6 Bxd3 37. cxd3 Rh7 38. Kd2 e5 39. Ke3 Kf7 40. Ke4 Kxf6 41. Kd5 Nd4 42. Bxd4 exd4 43. Kc4 Kg6 44. b4 cxb4 45. Kxb4 a6 46. Rh4 Rxh6 47. Rxh6+ Kxh6 48. Kc4 Kg5 49. Kxd4 Kf6 50. Kd5 Ke7 51. Kc6 b5 52. axb5 axb5 53. Kxb5 Kd6 54. Kb4 Kd5 55. Kc3 Kc5 56. d4+ 1/2-1/2


[Site "https://www.chess.com"]

[Event "Titled Tuesday Blitz May 31 Late 2022"]
[White "Krishnan, Varun"]
[Black "Novikova, Galina"]
[WhiteFideId "5054508"]
[BlackFideId "4157095"]
[WhiteElo "2628"]
[BlackElo "1863"]
[Result "1-0"]
[Round "01"]
[TimeControl "180+1"]
[Date "2022.06.01"]
[WhiteClock "0:00:04"]
[BlackClock "0:00:02"]

1. e4 e6 2. d4 d5 3. Nc3 Bb4 4. e5 c5 5. a3 Bxc3+ 6. bxc3 Ne7 7. Nf3 b6 8. a4 Nd7 9. Ba3 Bb7 10. Bd3 h6 11. O-O Bc6 12. a5 O-O 13. Nd2 c4 14. Be2 Re8 15. f4 bxa5 16. g4 f5 17. Qe1 fxg4 18. Bxg4 Nf5 19. Bxf5 exf5 20. Qg3 Nf8 21. Nf3 Bd7 22. Nh4 Be6 23. Kh1 Kh8 24. Rg1 g5 25. Bxf8 Rxf8 26. Ng6+ Kh7 27. Nxf8+ Qxf8 28. fxg5 f4 29. Qh4 Bf5 30. Rgf1 Be4+ 31. Kg1 f3 32. Qxh6+ Qxh6 33. gxh6 Rg8+ 34. Kf2 Rg2+ 35. Ke3 Rxc2 36. Rxa5 Rxc3+ 37. Kf4 Kxh6 38. e6 Bg6 39. e7 Rc2 40. Rxf3 Rxh2 41. Ra6 Rh4+ 42. Ke5 Re4+ 43. Kf6 Rxd4 44. Rh3+ Bh5 45. Rxh5+ Kxh5 46. e8=Q+ Kg4 47. Qg6+ Kf4 48. Qg5+ Ke4 49. Qe5+ Kd3 50. Ra1 Re4 51. Rd1+ Kc2 52. Qxd5 Rf4+ 53. Ke5 Rf2 54. Re1 c3 55. Qe4+ Kb3 56. Rb1+ Ka2 57. Rb7 Ka1 58. Qa4+ 1-0


[Site "https://www.chess.com"]

[Event "Titled Tuesday Blitz May 31 Late 2022"]
[White "Lashkin, Jegor"]
[Black "Zakarian, David"]
[WhiteFideId "13907808"]
[BlackFideId "13301276"]
[WhiteElo "2368"]
[BlackElo "2452"]
[Result "1-0"]
[Round "01"]
[TimeControl "180+1"]
[Date "2022.06.01"]
[WhiteClock "0:00:10"]
[BlackClock "0:00:18"]

1. c4 Nf6 2. Nf3 e6 3. g3 b6 4. Bg2 Bb7 5. O-O Be7 6. Nc3 O-O 7. Re1 d5 8. cxd5 exd5 9. d4 c5 10. Bf4 Nc6 11. Rc1 Rc8 12. Bh3 Ra8 13. Nb5 Ne8 14. dxc5 bxc5 15. Qb3 c4 16. Qc2 a6 17. Nbd4 Bd6 18. Ng5 Nf6 19. Nxc6 Bxc6 20. Bxd6 Qxd6 21. Rcd1 h6 22. Nf3 Rfd8 23. Nd4 Bd7 24. Bg2 Be6 25. b3 cxb3 26. axb3 Rac8 27. Qd3 Qb6 28. Ra1 a5 29. Qd2 Rc5 30. Ra4 Bd7 31. Ra3 Ra8 32. Rea1 Ne4 33. Bxe4 dxe4 34. e3 Rd5 35. Qc2 Rc8 36. Qxe4 Rdc5 37. Rd1 Bh3 38. Raa1 Qc7 39. Qh4 Qd7 40. Qf4 Qd5 41. Qf3 Qd7 42. Re1 Bg4 43. Qf4 Bh3 44. Rad1 Qb7 45. e4 Rd8 46. Qh4 Bc8 47. Qxd8+ Kh7 48. Qh4 Be6 49. Nxe6 fxe6 50. Qg4 Qf7 51. Rd2 Rc3 52. Rd6 Rxb3 53. Qxe6 Qxe6 54. Rxe6 a4 55. Ra6 Ra3 56. Kg2 Ra2 57. Re3 a3 58. Raxa3 Rxa3 59. Rxa3 1-0


[Site "https://www.chess.com"]

[Event "Titled Tuesday Blitz May 31 Late 2022"]
[White "Lehtosaari, Mauri"]
[Black "Kobalia, Mikhail"]
[WhiteFideId "501999"]
[BlackFideId "4119150"]
[WhiteElo "2416"]
[BlackElo "2667"]
[Result "1-0"]
[Round "01"]
[TimeControl "180+1"]
[Date "2022.06.01"]
[WhiteClock "0:00:48"]
[BlackClock "0:00:06"]

1. d4 Nf6 2. Nf3 g6 3. Bg5 Bg7 4. Nbd2 d5 5. e3 O-O 6. Be2 c5 7. c3 cxd4 8. exd4 Nc6 9. O-O Bf5 10. Qb3 Na5 11. Qa4 b6 12. Ba6 h6 13. Bh4 Bd7 14. Bb5 Bxb5 15. Qxb5 a6 16. Qd3 b5 17. Bxf6 Bxf6 18. Nb3 Nc4 19. Rab1 a5 20. Nc5 a4 21. b3 axb3 22. axb3 Nd6 23. Rfe1 Kg7 24. h3 Qc7 25. Ne5 Bxe5 26. Rxe5 Ra2 27. Rxd5 Rfa8 28. Re5 Nf5 29. Ree1 b4 30. cxb4 Qf4 31. Rf1 Nxd4 32. Qe4 Qf6 33. Rbe1 e6 34. Nd7 Ne2+ 35. Rxe2 Rxe2 36. Nxf6 Rxe4 37. Nxe4 Rb8 38. Nd2 Rxb4 39. Rc1 Rd4 40. Nf3 Rd3 41. Rb1 Rd5 42. b4 Rb5 43. Nd4 Rb6 44. b5 e5 45. Nc2 Kf6 46. Ne3 Ke6 47. Nc4 1-0


[Site "https://www.chess.com"]

[Event "Titled Tuesday Blitz May 31 Late 2022"]
[White "Lomaia, Diana"]
[Black "Leitao, Rafael"]
[WhiteFideId "13612476"]
[BlackFideId "2101246"]
[WhiteElo "1744"]
[BlackElo "2609"]
[Result "1-0"]
[Round "01"]
[TimeControl "180+1"]
[Date "2022.06.01"]
[WhiteClock "0:00:44"]
[BlackClock "0:00:10"]

1. d4 Nf6 2. c4 e6 3. Nf3 d5 4. Nc3 Bb4 5. Bg5 h6 6. Bxf6 Qxf6 7. Qa4+ Nc6 8. e3 O-O 9. Rc1 Bd7 10. cxd5 exd5 11. Qb3 a5 12. Bb5 a4 13. Bxa4 Bxc3+ 14. Rxc3 Na5 15. Qb4 Bxa4 16. Qxa4 Nc4 17. Qb3 c6 18. O-O b5 19. a3 Rfb8 20. Qc2 Rb6 21. e4 dxe4 22. Qxe4 Nxb2 23. Ne5 Re8 24. Qc2 Na4 25. Rf3 Qe6 26. Rxf7 Rbb8 27. Rc7 c5 28. Nc6 Rbc8 29. d5 Qd6 30. Rxc8 Rxc8 31. Na7 Rb8 32. Qf5 b4 33. Nc6 Rf8 34. Qc2 Nb6 35. axb4 cxb4 36. Rd1 Nxd5 37. Rxd5 Qe6 38. Re5 Qd6 39. Re1 Rf7 40. Re8+ Rf8 41. Qc4+ Kh7 42. Qe4+ Kg8 43. Ne7+ Kf7 44. Rxf8+ Kxf8 45. Ng6+ Kg8 46. h4 Qd1+ 47. Kh2 b3 48. Qe6+ Kh7 49. Nf8+ Kh8 50. Qe8 Qd6+ 51. g3 b2 52. Ne6+ Kh7 53. Qf7 Qe5 54. Nf8+ Kh8 55. Ng6+ Kh7 56. Nxe5 b1=Q 57. Qf4 1-0


[Site "https://www.chess.com"]